 Dungeon Crawl Stone Soup version 0.29.1 (webtiles) character file.

Game seed: 12041835560048990310

3257 Gabide the Covert (level 10, -2/94 HPs)
             Began as a Naga Monk on Sept 14, 2022.
             Was a Priest of Cheibriados.
             Slain by a gnoll
             ... wielding a +0 halberd
             ... led by a gnoll bouda
              (8 damage)
             ... on level 8 of the Dungeon.
             The game lasted 00:22:45 (10680 turns).

Gabide the Covert (Naga Monk)                      Turns: 10680, Time: 00:22:46

Health: -2/94      AC:  7    Str: 20    XL:     10   Next: 0%
Magic:  3/10       EV: 14    Int: 24    God:    Cheibriados [***...]
Gold:   281        SH:  0    Dex: 25    Spells: 9/9 levels left

rFire   + . .      SeeInvis +   H - +4 scimitar (freeze)
rCold   . . .      Faith    .   (no shield)
rNeg    . . .      Spirit   .   d - +0 robe "Imoedig" {SInv}
rPois   +          Reflect  .   K - +0 helmet
rElec   .          Harm     .   s - +0 cloak
rCorr   .          Rampage  .   r - +0 pair of gloves {infuse}
Will    +....                   (no barding)
Stlth   +++++.....              (no amulet)
HPRegen 0.25/turn               h - ring of protection from fire
MPRegen 0.12/turn               I - +6 ring of intelligence

@: about to teleport, weakened, very slow
A: AC +3, large, see invisible, deformed body, poison resistance, slowness 2,
spit poison 1, naga tail 1
a: Spit Poison, Renounce Religion, Bend Time, Temporal Distortion


You were on level 8 of the Dungeon.
You worshipped Cheibriados.
Cheibriados was most pleased with you.
You visited 2 branches of the dungeon, and saw 9 of its levels.

You collected 434 gold pieces.
You spent 153 gold pieces at shops.

Inventory:

Hand Weapons
 a - a +0 short sword
 b - a +2 falchion of holy wrath
 H - a +4 scimitar of freezing (weapon)
Missiles
 m - 4 curare-tipped darts
Armour
 d - the +0 robe "Imoedig" (worn) {SInv}
   (You found it on level 2 of the Dungeon)

   SInv:      It lets you see invisible.
 i - a +1 ring mail of poison resistance
 r - a +0 pair of gloves of infusion (worn)
 s - a +0 cloak (worn)
 K - a +0 helmet (worn)
Jewellery
 h - a ring of protection from fire (left hand)
 v - a ring of fire
 I - a +6 ring of intelligence (right hand)
Wands
 t - a wand of paralysis (11)
 B - a wand of polymorph (10)
 C - a wand of acid (7)
 E - a wand of digging (8)
Scrolls
 e - 4 scrolls of teleportation
 f - a scroll of vulnerability
 g - a scroll of magic mapping {unknown}
 k - a scroll of enchant armour {unknown}
 l - a scroll of butterflies
 p - a scroll of identify
 q - a scroll of poison
 w - a scroll of enchant weapon {unknown}
 y - 2 scrolls of amnesia
 F - a scroll of brand weapon {unknown}
 G - a scroll of blinking {unknown}
 J - 2 scrolls of immolation
Potions
 c - a potion of degeneration {unknown}
 j - a potion of resistance
 n - a potion of flight {unknown}
 o - a potion of ambrosia
 u - a potion of might {unknown}
 z - 3 potions of brilliance
 A - 3 potions of heal wounds {unknown}
 D - a potion of magic {unknown}


   Skills:
 + Level 7.5 Fighting
 + Level 7.5 Short Blades
 + Level 6.2 Dodging
 + Level 11.0 Stealth


You had 9 spell levels left.
You didn't know any spells.
Your spell library was empty.

Dungeon Overview and Level Annotations

Branches:
Dungeon (8/15)             Temple (1/1) D:4
   Lair: D:8-11

Altars:
Ashenzari
Cheibriados
Dithmenos
Elyvilon
Fedhas
Gozag
Hepliaklqana
Kikubaaqudgha
Makhleb
Nemelex Xobeh
Qazlal
Ru
Sif Muna
Trog
Uskayaw
Vehumet
Xom
Yredelemnul
Zin
The Shining One

Shops:
D:2 [   D:8 [?[


Innate Abilities, Weirdness & Mutations

Your serpentine skin is tough. (AC +3)
You have supernaturally acute eyesight. (SInv)
Armour fits poorly on your strangely shaped body.
Your system is resistant to poisons. (rPois)
You cover ground very slowly.
You can spit poison.
You have a snake-like lower body.


Message History

The gnoll bouda completely misses you.
The gnoll hits the plant with a +0 club.
The gnoll hits you with a +0 flail.
The gnoll hits you from afar with a +0 halberd!
The gnoll hits you but does no damage. The gnoll bouda barely misses you.
You slash the gnoll bouda! You freeze the gnoll bouda.
You kill the gnoll bouda!
Cheibriados thoroughly appreciates the change of pace.
A nearby plant withers and dies.
The gnoll barely misses you. The gnoll closely misses you.
The gnoll hits you from afar with a +0 spear.
* * * LOW HITPOINT WARNING * * *
The gnoll closely misses you.
You have reached level 10!
Aiming: Corrosive Bolt
Press: ? - help, Shift-Dir - straight line, f - gnoll
Aim: a gnoll, wielding a +0 halberd (covering ground quickly, 75% to hit)
The bolt of acid hits the gnoll!
The gnoll is severely wounded.
The gnoll is no longer moving quickly. x2; The gnoll misses you.
The gnoll hits you with a +0 flail.
* * * LOW HITPOINT WARNING * * *
The gnoll hits you from afar with a +0 spear.
* * * LOW HITPOINT WARNING * * *
The gnoll hits you with a +0 club.
* * * LOW HITPOINT WARNING * * *
Okay, then.
Unknown command.
As you read the scroll of teleportation, it crumbles to dust.
You feel strangely unstable.
The gnoll is no longer moving quickly.
The gnoll hits you from afar with a +0 halberd.
* * * LOW HITPOINT WARNING * * *
The gnoll hits you with a +0 flail.
* * * LOW HITPOINT WARNING * * *
The gnoll closely misses you. The gnoll misses you.
The gnoll attacks as you move away! The gnoll hits you but does no damage.
The gnoll hits you with a +0 flail!
* * * LOW HITPOINT WARNING * * *
The gnoll hits you from afar with a +0 halberd!
You die...

#.... +...# ####...#
......+ / .....####..
#####..........
####...#..........
#>.#...'..Pg.....[
###..'...'.@gg......
###...#########.......
##....## ...P...
#...### .♣.♣.PP #..##
♣.♣P♣.# ###.## ♣ ♣♣ #
.....# ..#.## #####


You could see 3 gnolls.

Vanquished Creatures
  Sigmund (D:7)
  A shadow (D:7)
  5 yaks (D:8)
  A steam dragon (D:7)
  Edmund (D:7)
  3 water moccasins
  An ice beast (D:6)
  A sky beast (D:7)
  2 ogres
  A centaur (D:5)
  Blork the orc (D:5)
  A necrophage (D:6)
  2 bullfrogs
  4 scorpions
  3 wights (D:7)
  A howler monkey (D:7)
  5 hounds
  A gnoll bouda (D:8)
  3 iguanas
  Natasha (thrice) (D:2)
  An orc wizard (D:8)
  A gnoll (D:8)
  6 adders
  2 white imps
  3 ufetubi
  2 worms (D:2)
  11 orcs
  7 endoplasms
  A giant cockroach (D:3)
  5 goblins
  3 hobgoblins
  7 kobolds
  7 quokkas
  A ball python (D:2)
  8 bats
  A frilled lizard (D:2)
  2 rats
109 creatures vanquished.

Vanquished Creatures (others)
  A bush (D:5)
  A plant (D:8)
2 creatures vanquished.

Grand Total: 111 creatures vanquished

Notes
Turn   | Place    | Note
-------+----------+-------------------------------------------
     0 | D:1      | Gabide the Naga Monk began the quest for the Orb.
     0 | D:1      | Reached XP level 1. HP: 21/21 MP: 1/1
   261 | D:1      | Reached XP level 2. HP: 28/28 MP: 2/2
   951 | D:2      | Reached XP level 3. HP: 29/34 MP: 3/3
  1033 | D:2      | Found a faded altar of an unknown god.
  1119 | D:2      | Reached skill level 4 in Stealth
  1290 | D:2      | Found Guig Eca's Antique Armour Shoppe.
  1298 | D:2      | Identified the +0 robe "Imoedig" {SInv}
  1776 | D:2      | Noticed Natasha
  1780 | D:2      | Killed Natasha
  1781 | D:2      | Reached XP level 4. HP: 42/42 MP: 4/4
  1824 | D:2      | Noticed Natasha
  1854 | D:2      | Killed Natasha
  2858 | D:2      | Noticed Natasha
  2871 | D:2      | Killed Natasha
  2872 | D:2      | Reached XP level 5. HP: 25/50 MP: 5/5
  3455 | D:3      | Reached skill level 5 in Stealth
  3858 | D:4      | Reached XP level 6. HP: 21/57 MP: 6/6
  4327 | D:4      | Found a staircase to the Ecumenical Temple.
  4359 | Temple   | Entered the Ecumenical Temple
  4396 | Temple   | Became a worshipper of Cheibriados the Contemplative
  4396 | Temple   | Reached * piety under Cheibriados
  4396 | Temple   | Reached ** piety under Cheibriados
  4980 | D:4      | Reached skill level 6 in Stealth
  5077 | D:4      | Found a sacrificial altar of Ru.
  5368 | D:5      | Entered Level 5 of the Dungeon
  5386 | D:5      | Reached XP level 7. HP: 56/66 MP: 2/7
  6125 | D:5      | Found a blossoming altar of Fedhas.
  6244 | D:5      | Reached skill level 5 in Fighting
  6244 | D:5      | Reached skill level 5 in Short Blades
  6790 | D:5      | Noticed Blork the orc
  6797 | D:5      | Killed Blork the orc
  6798 | D:5      | Reached skill level 7 in Stealth
  6846 | D:5      | Found a radiant altar of Vehumet.
  6846 | D:5      | Found a shadowy altar of Dithmenos.
  7165 | D:6      | Reached XP level 8. HP: 53/74 MP: 0/8
  7374 | D:6      | Found a burning altar of Makhleb.
  8191 | D:6      | Reached skill level 8 in Stealth
  8761 | D:7      | Reached skill level 5 in Dodging
  9101 | D:7      | Reached skill level 9 in Stealth
  9113 | D:7      | Found a broken altar of Ashenzari.
  9181 | D:7      | Noticed a shadow
  9186 | D:7      | Killed a shadow
  9187 | D:7      | Reached XP level 9. HP: 76/85 MP: 6/9
  9372 | D:7      | Found a hide-covered altar of Uskayaw.
  9429 | D:7      | Noticed Sigmund
  9432 | D:7      | Killed Sigmund
  9452 | D:7      | Noticed Edmund
  9455 | D:7      | Killed Edmund
  9455 | D:7      | Reached *** piety under Cheibriados
  9683 | D:7      | Reached skill level 10 in Stealth
 10022 | D:7      | Found a sparkling altar of Nemelex Xobeh.
 10155 | D:8      | Found Gamefaf's Armour Shoppe.
 10479 | D:8      | Found Iseoc's Magic Scroll Shoppe.
 10490 | D:8      | Found a shimmering altar of Xom.
 10535 | D:8      | Found Tal Uce's Antique Armour Shop.
 10553 | D:8      | Reached skill level 11 in Stealth
 10620 | D:8      | Bought a helmet for 153 gold pieces
 10678 | D:8      | Reached XP level 10. HP: 26/94 MP: 3/10
 10680 | D:8      | Slain by a gnoll

Illustrated notes

Levels and vault maps discovered:
D:1:      dpeg_arrival_erosion, layout_rooms
D:2:      layout_loops_ring, shapermc_ecumenical_altar_mp_urbaneastern,
          serial_shops, shop, uniq_natasha
D:3:      layout_rooms
D:4:      layout_loops_corners, nicolae_ru_the_path_less_chosen,
          minmay_temple_entry_fiery
D:5:      layout_basic, fedhas_bush_and_centaur_altar,
          nicolae_overflow_two_pavilions, uniq_blork_the_orc
D:6:      layout_loops_corners, mainiacjoe_overflow_alcove_2
D:7:      layout_loops_ring, nicolae_ashenzari_skybound, lemuel_round_altar,
          mainiacjoe_overflow_alcove_1, sigmund_edmund_badplayer
D:8:      kennysheep_seaside_town, layout_cave_pools, kennysheep_mini_moat,
          mainiacjoe_overflow_big_doors, serial_shops, shop,
          nicolae_take_the_stairs, nicolae_shop_statue_plus, shop_fountains,
          serial_bayou_crossing
Temple:   chequers_temple_sunken

Skill      XL: |  1  2  3  4  5  6  7  8  9 |
---------------+----------------------------+-----
Stealth        | 4 5 6 7 9 11 | 11.0
Dodging        | 3 4 5 6 |  6.2
Fighting       | 4 5 6 7 |  7.5
Short Blades   | 4 5 6 7 |  7.5

Action                   |  1- 3 |  4- 6 |  7- 9 | 10-12 || total
-------------------------+-------+-------+-------+-------++-------
Melee: Short sword       |    75 |    89 |   181 |       ||   345
       Punch             |     2 |     1 |     6 |       ||     9
       Falchion          |       |       |    13 |       ||    13
       Scimitar          |       |       |    35 |       ||    35
Invok: Bend Time         |       |       |     2 |       ||     2
 Abil: Spit Poison       |    27 |    18 |    27 |       ||    72
Evoke: Wand              |       |       |       |     1 ||     1
  Use: Scroll            |     3 |     2 |     5 |     1 ||    11
       Potion            |       |     2 |     2 |       ||     4
 Stab: Sleeping          |     4 |     7 |     9 |       ||    20
Armor: Robe              |    12 |    17 |    69 |     1 ||    99
       Ring mail         |    15 |       |       |       ||    15
       Skin              |       |     6 |       |       ||     6
Dodge: Dodged            |    46 |    36 |   177 |     3 ||   262
